 Dungeon Crawl Stone Soup version 0.28-a0-1159-g27aa881441 (webtiles) character file.

Game seed: 9911698892336024636

28209 ChaosChampion the Eclecticist (level 13, 0/63 HPs)
             Began as a Deep Elf Conjurer on Dec 15, 2021.
             Was a High Priest of Vehumet.
             Hit by a javelin thrown by a minotaur (24 damage)
             ... in a Gauntlet.
             The game lasted 00:47:40 (20159 turns).

ChaosChampion the Eclecticist (Deep Elf Conjurer)  Turns: 20159, Time: 00:47:41

Health: 0/63       AC:  6    Str:  2 (4)  XL:     13   Next: 8%
Magic:  2/45       EV: 31    Int: 29      God:    Vehumet [*****.]
Gold:   1003       SH:  0    Dex:  9      Spells: 5/47 levels left

rFire   . . .      SeeInvis .   (no weapon)
rCold   + . .      Faith    .   (no shield)
rNeg    . . .      Spirit   .   N - +0 troll leather armour
rPois   .          Reflect  .   (no helmet)
rElec   .          Harm     .   (no cloak)
rCorr   .          Rampage  .   (no gloves)
Will    +++..      NoTele   +   H - +1 pair of boots
Stlth   ++........              G - amulet of the acrobat
HPRegen 1.00/turn               z - ring "Veital" {Will++ MP+9}
MPRegen 0.29/turn               t - ring of the Glimmering Enemy {rC+ EV+4}

@: acrobatic
A: deterioration 1, sturdy frame 1, [clumsy 2], [subdued magic 2]
a: Renounce Religion


You were in a Gauntlet.
You worshipped Vehumet.
Vehumet was extremely pleased with you.
You visited 3 branches of the dungeon, and saw 16 of its levels.
You also visited: Gauntlet.

You collected 1003 gold pieces.

Inventory:

Hand Weapons
 c - the +2 hand axe "Hollemm" {vorpal, *Corrode rC+ rN+ Int+2}
   (You found it on level 2 of the Lair of Beasts)

   It inflicts extra damage upon your enemies.
   Int:       It affects your intelligence (+2).
   rC:        It protects you from cold.
   rN:        It protects you from negative energy.
   *Corrode:  It may corrode you when you take damage.
Missiles
 o - 3 throwing nets
Armour
 s - a +2 robe of fire resistance
 u - a +0 kite shield
 v - a +1 robe of positive energy
 H - a +1 pair of boots (worn)
 N - a +0 troll leather armour (worn)
Jewellery
 e - a ring of ice
 l - a ring of magical power
 t - the ring of the Glimmering Enemy (right hand) {rC+ EV+4}
   (You found it in a Gauntlet)

   [ring of evasion]

   EV:        It affects your evasion (+4).
   rC:        It protects you from cold.
 z - the ring "Veital" (left hand) {Will++ MP+9}
   (You found it in a Gauntlet)

   [ring of magical power]

   MP:        It affects your magic capacity (+9).
   Will:      It greatly increases your willpower.
 D - a +4 ring of evasion
 G - an amulet of the acrobat (around neck)
 K - a +6 ring of strength
 M - a ring of resist corrosion
 Q - a ring of ice
Wands
 n - a wand of flame (50)
 r - a wand of paralysis (7)
 x - a wand of digging (19)
Scrolls
 b - a scroll of noise
 f - 4 scrolls of fog
 w - 2 scrolls of summoning
 y - 5 scrolls of teleportation
 C - a scroll of immolation
 F - 3 scrolls of enchant weapon
 J - 2 scrolls of vulnerability
 P - a scroll of amnesia
Potions
 a - a potion of ambrosia
 d - 4 potions of curing
 g - 2 potions of magic
 h - 4 potions of attraction
 i - 3 potions of haste
 j - 4 potions of berserk rage
 k - a potion of flight
 m - 3 potions of brilliance
 q - 2 potions of degeneration
 A - a potion of invisibility
 E - a potion of lignification
 L - a potion of might
Miscellaneous
 I - a lightning rod (4/4)


   Skills:
 + Level 3.5 Dodging
 - Level 2.4 Stealth
 + Level 17.6 Spellcasting
 - Level 12.9 Conjurations
 - Level 8.0 Hexes
 * Level 6.4 Summonings
 - Level 8.0 Necromancy
 - Level 4.0 Translocations
 + Level 8.3 Ice Magic


You had 5 spell levels left.
You knew the following spells:

 Your Spells              Type           Power      Damage    Failure   Level
a - Magic Dart            Conj           100%       1d8       0%          1
b - Searing Ray           Conj           100%       2d8       0%          2
c - Fulminant Prism       Conj/Hex       26%        3d14      1%          4
d - Iskenderun's Mystic   Conj/Tloc      46%        2d10      1%          4
e - Metabolic Englaciati  Hex/Ice        22%        N/A       1%          5
f - Simulacrum            Ice/Necr       22%        N/A       8%          6
g - Ozocubu's Armour      Ice            46%        N/A       1%          3
h - Summon Mana Viper     Hex/Summ       42%        N/A       1%          5
i - Summon Forest         Summ/Tloc      17%        N/A       4%          5
x - Ozocubu's Refrigerat  Ice            23%        4d9       12%         7

Your spell library contained the following spells:

 Spells                   Type           Power      Damage    Failure   Level
 Dazzling Flash           Conj/Hex       100%       N/A       0%          3
 Leda's Liquefaction      Hex/Erth       15%        N/A       2%          4
 Lee's Rapid Deconstruct  Erth           7%         3d8*      13%         5
 Summon Cactus Giant      Summ           19%        N/A       17%         6
 Statue Form              Tmut/Erth      10%        N/A       95%         6


Dungeon Overview and Level Annotations

Branches:
Dungeon (12/15)            Temple (1/1) D:4            Lair (3/6) D:10
 Shoals (0/4) Lair:3        Snake (0/4) Lair:3          Orc (0/2) D:10
Gauntlet (1/1)

Altars:
Ashenzari
Cheibriados
Dithmenos
Elyvilon
Fedhas
Gozag
Hepliaklqana
Kikubaaqudgha
Makhleb
Nemelex Xobeh
Okawaru
Qazlal
Ru
Sif Muna
Trog
Uskayaw
Vehumet
Wu Jian
Xom
Yredelemnul
Zin
The Shining One

Annotations:
Lair:2 exclusion: ice statue
Lair:3 Fannar Gauntlet 6 transporters, 1 runed translucent door


Innate Abilities, Weirdness & Mutations

Your body sometimes deteriorates upon taking damage.
Your movements are slightly less encumbered by armour. (ER -2)
[You are very clumsy. (Dex -4)]
[Your spells are easier to cast, but less powerful.]


Message History

The minotaur is moderately wounded.
The minotaur hits you with a +0 vorpal broad axe.
The minotaur gores you but does no damage.
Your icy armour will break if you move.
Continue?
Your icy armour cracks and falls away as you move.
The minotaur throws a javelin.
The javelin closely misses you.
Casting: Iskenderun's Mystic Blast (safe; 1% risk of failure)
Confirm with . or Enter, or press ? or * to list all spells.
You erupt in a blast of force!
The mystic blast hits the minotaur but does no damage.
The minotaur is moderately wounded.
The minotaur throws a javelin.
The javelin barely misses you.
Casting: Iskenderun's Mystic Blast (safe; 1% risk of failure)
Confirm with . or Enter, or press ? or * to list all spells.
You erupt in a blast of force!
The mystic blast hits the minotaur but does no damage.
The minotaur is moderately wounded.
Casting: Iskenderun's Mystic Blast (safe; 1% risk of failure)
Confirm with . or Enter, or press ? or * to list all spells.
You erupt in a blast of force!
The mystic blast hits the minotaur but does no damage.
The minotaur is moderately wounded.
The minotaur hits you with a +0 vorpal broad axe!!
* * * LOW HITPOINT WARNING * * *
x2 Your body deteriorates!
You feel weakened. The minotaur closely misses you.
You feel much better.
The minotaur hits you with a +0 vorpal broad axe!
Your body deteriorates!
You feel weakened.
The minotaur gores you but does no damage.
Casting: Iskenderun's Mystic Blast (safe; 1% risk of failure)
Confirm with . or Enter, or press ? or * to list all spells.
You erupt in a blast of force!
The mystic blast hits the minotaur but does no damage.
The minotaur is moderately wounded.
The minotaur completely misses you.
The minotaur gores you but does no damage.
The minotaur throws a javelin.
The javelin closely misses you.
The minotaur throws a javelin.
The javelin pierces through you!!
You die...

#≈..#..(.©....#..#Bs.♣s$B#..##
##..###########..#####♣###..≈#
#≈..............∩...........##
##..........................≈#
##≈#≈#≈#≈#≈########≈#≈#≈#≈###
###########.©..©.#########
####......#####
...............#
........@..H...#
#.#.#######.#.## # #. ...#.# #
#.#.##.#.# .........#
##'##..#.# #..#.# #....#
#.8###


You could see a minotaur.

Vanquished Creatures
  A hydra (Lair:1)
  Erolcha (D:10)
  Erica (D:11)
  Sonja (Lair:3)
  A wretched star (Gauntlet)
  A lindwurm (Lair:2)
  Pikel (D:9)
  A manticore (D:9)
  6 cane toads
  5 black mambas
  Maggie (D:6)
  A torpor snail (Lair:3)
  Psyche (D:11)
  A rime drake (Lair:3)
  4 komodo dragons
  A freezing wraith (Lair:2)
  3 polar bears
  A troll (D:11)
  13 blink frogs
  Grinder (D:3)
  5 hornets
  3 shadows (Gauntlet)
  2 wyverns
  10 yaks
  2 neqoxecs (Gauntlet)
  2 wraiths
  Grum (D:11)
  16 vampire mosquitoes
  2 acid dragons (D:10)
  4 water moccasins
  5 black bears
  2 orc warriors (D:9)
  2 sky beasts
  2 hornet zombies
  10 ice beasts (Lair:2)
  3 necrophages (D:6)
  2 ogres (D:4)
  20 wolves
  3 lemures (D:9)
  A kobold brigand (D:11)
  Blork the orc (D:6)
  2 gnoll sergeants (D:5)
  14 bullfrogs
  A scorpion (D:5)
  A water moccasin zombie (D:6)
  2 water moccasin skeletons
  A nameless horror (Gauntlet)
  2 wights (D:6)
  3 howler monkeys (D:10)
  6 centaur zombies
  2 jellies
  A gnoll shaman (D:8)
  2 bullfrog skeletons (D:6)
  2 centaur skeletons
  A human zombie (D:6)
  A hound (D:6)
  Natasha (thrice) (D:2)
  Ijyb (D:3)
  Terence (D:2)
  An iguana (D:5)
  An orc wizard (D:9)
  A hell rat (D:10)
  A killer bee zombie (D:6)
  A hound zombie (D:5)
  A hound skeleton (D:2)
  A mummy (D:6)
  24 gnolls
  4 howler monkey zombies
  5 adders
  3 river rats (D:10)
  A shadow imp (D:6)
  4 white imps
  A worm (D:2)
  3 dart slugs
  14 orcs
  6 ball pythons
  9 endoplasms
  2 giant cockroaches (D:1)
  7 goblins
  9 hobgoblins
  3 jackals (D:2)
  3 quokkas
  A bat (D:1)
  3 frilled lizards
  7 kobolds
  4 rats
  7 fulminant prisms
317 creatures vanquished.

Vanquished Creatures (collateral kills)
  A lindwurm (Lair:2)
  A hornet (Lair:2)
  A polar bear (Lair:2)
  A blink frog (Lair:1)
  A water moccasin (Lair:2)
  A black bear (Lair:2)
6 creatures vanquished.

Vanquished Creatures (others)
  37 fulminant prisms
  15 fungi
  71 plants
123 creatures vanquished.

Grand Total: 446 creatures vanquished

Notes
Turn   | Place    | Note
-------+----------+-------------------------------------------
     0 | D:1      | ChaosChampion the Deep Elf Conjurer began the quest for the
                  | Orb.
     0 | D:1      | Reached XP level 1. HP: 10/10 MP: 6/6
   241 | D:1      | Reached XP level 2. HP: 15/15 MP: 5/8
   541 | D:1      | Reached skill level 4 in Spellcasting
   578 | D:1      | Reached XP level 3. HP: 16/19 MP: 1/10
   830 | D:1      | Learned a level 2 spell: Searing Ray
  1161 | D:2      | Noticed Terence
  1172 | D:2      | Killed Terence
  1173 | D:2      | Reached skill level 5 in Spellcasting
  1173 | D:2      | Reached skill level 5 in Conjurations
  1369 | D:2      | Reached XP level 4. HP: 24/24 MP: 13/13
  1407 | D:2      | Learned a level 4 spell: Fulminant Prism
  1412 | D:2      | Learned a level 4 spell: Iskenderun's Mystic Blast
  1772 | D:2      | Reached skill level 1 in Hexes
  1818 | D:2      | Found an iron altar of Okawaru.
  1891 | D:2      | Noticed Natasha
  1900 | D:2      | Killed Natasha
  1901 | D:2      | Reached skill level 1 in Translocations
  1904 | D:2      | Noticed Natasha
  1908 | D:2      | Killed Natasha
  1909 | D:2      | Reached XP level 5. HP: 9/28 MP: 15/15
  2008 | D:2      | Noticed Natasha
  2190 | D:2      | Killed Natasha
  2699 | D:3      | Found a sacrificial altar of Ru.
  2700 | D:3      | Found a shimmering altar of Xom.
  2700 | D:3      | Found a basalt altar of Yredelemnul.
  2728 | D:3      | Found a shimmering blue altar of Sif Muna.
  2756 | D:3      | Noticed Grinder
  2764 | D:3      | Paralysed by Grinder for 7 turns
  2778 | D:3      | Killed Grinder
  2779 | D:3      | Reached skill level 6 in Spellcasting
  2779 | D:3      | Reached XP level 6. HP: 23/32 MP: 8/17
  3231 | D:3      | Noticed Ijyb
  3243 | D:3      | Killed Ijyb
  3668 | D:3      | Found a faded altar of an unknown god.
  3838 | D:4      | Reached XP level 7. HP: 36/36 MP: 18/18
  4505 | D:4      | Reached skill level 5 in Hexes
  4685 | D:4      | Found a staircase to the Ecumenical Temple.
  4851 | Temple   | Entered the Ecumenical Temple
  4872 | Temple   | Became a worshipper of Vehumet
  4916 | D:5      | Entered Level 5 of the Dungeon
  5086 | D:5      | Reached skill level 7 in Spellcasting
  5146 | D:5      | Reached XP level 8. HP: 27/41 MP: 10/21
  5659 | D:5      | Reached skill level 8 in Spellcasting
  5800 | D:5      | Found a blossoming altar of Fedhas.
  5998 | D:6      | Found an ancient bone altar of Kikubaaqudgha.
  6146 | D:6      | Reached * piety under Vehumet
  6146 | D:6      | Offered knowledge of Foxfire by Vehumet.
  6170 | D:6      | Reached skill level 9 in Spellcasting
  6682 | D:6      | Found a glowing golden altar of the Shining One.
  6859 | D:6      | Noticed Blork the orc
  6863 | D:6      | Killed Blork the orc
  6864 | D:6      | Reached skill level 10 in Spellcasting
  6864 | D:6      | Reached XP level 9. HP: 39/45 MP: 25/25
  7021 | D:6      | Noticed Maggie
  7028 | D:6      | Killed Maggie
  7636 | D:7      | Noticed a komodo dragon
  7641 | D:7      | Reached skill level 11 in Spellcasting
  7645 | D:7      | Killed a komodo dragon
  7646 | D:7      | Reached skill level 10 in Conjurations
  8071 | D:7      | Reached skill level 12 in Spellcasting
  8851 | D:8      | Reached XP level 10. HP: 42/50 MP: 13/28
  9021 | D:8      | Reached ** piety under Vehumet
  9638 | D:9      | Offered knowledge of Sandblast by Vehumet.
  9684 | D:9      | Found a hazy altar of Hepliaklqana.
  9756 | D:9      | Noticed Pikel
  9765 | D:9      | Killed Pikel
  9766 | D:9      | Reached skill level 13 in Spellcasting
  9944 | D:9      | Found an opulent altar of Gozag.
 10346 | D:9      | Found a burning altar of Makhleb.
 10578 | D:9      | Noticed a manticore
 10639 | D:9      | Found a bloodstained altar of Trog.
 10657 | D:9      | Killed a manticore
 10953 | D:10     | Entered Level 10 of the Dungeon
 10953 | D:10     | Noticed Erolcha
 10959 | D:10     | Killed Erolcha
 10960 | D:10     | Reached skill level 14 in Spellcasting
 10966 | D:10     | Learned a level 5 spell: Metabolic Englaciation
 10970 | D:10     | Learned a level 3 spell: Ozocubu's Armour
 11165 | D:10     | Noticed a death yak
 11167 | D:10     | Reached skill level 1 in Ice Magic
 11465 | D:10     | Found a staircase to the Orcish Mines.
 11476 | D:10     | Learned a level 6 spell: Simulacrum
 11738 | D:10     | Reached skill level 1 in Necromancy
 11866 | D:10     | Found a staircase to the Lair.
 11866 | D:10     | Noticed a death yak
 11876 | D:10     | Noticed a death yak
 12245 | D:11     | Noticed Psyche
 12252 | D:11     | Killed Psyche
 12253 | D:11     | Reached XP level 11. HP: 54/54 MP: 22/31
 12296 | D:11     | Noticed Grum
 12297 | D:11     | Offered knowledge of Scorch by Vehumet.
 12303 | D:11     | Killed Grum
 12886 | D:11     | Noticed Erica
 13056 | D:10     | HP: 1/54 [poisoned by Erica (bolt of poison)]
 13353 | D:11     | Noticed a boulder beetle
 13433 | D:11     | Killed Erica
 14751 | D:12     | Noticed a skeletal warrior
 14757 | D:12     | Noticed a skeletal warrior
 14761 | D:12     | Noticed a skeletal warrior
 14761 | D:12     | Noticed a skeletal warrior
 14763 | D:12     | Reached skill level 5 in Ice Magic
 14771 | D:12     | Reached *** piety under Vehumet
 14993 | D:12     | Noticed a skeletal warrior
 14993 | D:12     | Noticed a skeletal warrior
 14993 | D:12     | Noticed a skeletal warrior
 15017 | D:12     | Reached skill level 5 in Necromancy
 15201 | D:12     | Noticed a skeletal warrior
 15498 | Lair:1   | Entered Level 1 of the Lair of Beasts
 15886 | Lair:1   | Reached skill level 15 in Spellcasting
 16163 | Lair:1   | Offered knowledge of Airstrike by Vehumet.
 16186 | Lair:1   | Reached skill level 16 in Spellcasting
 16416 | Lair:1   | Noticed a four-headed hydra
 16424 | Lair:1   | Killed a four-headed hydra
 16754 | Lair:2   | Reached XP level 12. HP: 59/59 MP: 29/34
 16760 | Lair:2   | Learned a level 5 spell: Summon Mana Viper
 16766 | Lair:2   | Learned a level 5 spell: Summon Forest
 16916 | Lair:2   | Reached skill level 1 in Summonings
 17028 | Lair:2   | Reached **** piety under Vehumet
 17077 | Lair:2   | Offered knowledge of Inner Flame by Vehumet.
 17966 | Lair:2   | Reached skill level 17 in Spellcasting
 19095 | Lair:2   | Identified the +2 hand axe "Hollemm" {vorpal, *Corrode rC+
                  | rN+ Int+2}
 19296 | Lair:3   | Reached ***** piety under Vehumet
 19296 | Lair:3   | Offered knowledge of Ozocubu's Refrigeration by Vehumet.
 19310 | Lair:3   | Reached skill level 5 in Summonings
 19333 | Lair:3   | Learned a level 7 spell: Ozocubu's Refrigeration
 19405 | Lair:3   | Noticed Sonja
 19448 | Lair:3   | Killed Sonja
 19452 | Lair:3   | Noticed a seven-headed hydra
 19456 | Lair:3   | Found a gate leading to a gauntlet.
 19460 | Lair:3   | Noticed Fannar
 19468 | Gauntlet | Entered a Gauntlet
 19468 | Gauntlet | Found a transporter.
 19468 | Gauntlet | Found a transporter.
 19468 | Gauntlet | Found a transporter.
 19566 | Gauntlet | Found a transporter.
 19567 | Gauntlet | Found a transporter.
 19570 | Gauntlet | Found a transporter.
 19581 | Gauntlet | Found a transporter.
 19581 | Gauntlet | Found a transporter.
 19582 | Gauntlet | Found a transporter.
 19584 | Gauntlet | Found a transporter.
 19591 | Gauntlet | Found a runed translucent door.
 19593 | Gauntlet | Found a transporter.
 19594 | Gauntlet | Found a transporter.
 19594 | Gauntlet | Noticed an entropy weaver
 19796 | Gauntlet | Reached XP level 13. HP: 62/63 MP: 36/36
 19814 | Gauntlet | Gained mutation: You are dopey. (Int -2) [potion of
                  | mutation]
 19814 | Gauntlet | Gained mutation: You have an increased reservoir of magic.
                  | (+10% MP) [potion of mutation]
 19814 | Gauntlet | Gained mutation: You have a somewhat thin skeletal
                  | structure. (Dex +2, Stealth+) [potion of mutation]
 19984 | Gauntlet | Identified the ring of the Glimmering Enemy {rC+ EV+4}
 19997 | Gauntlet | Identified the ring "Veital" {Will++ MP+9}
 20108 | Gauntlet | Lost mutation: You have an increased reservoir of magic.
                  | (+10% MP) [potion of mutation]
 20108 | Gauntlet | Lost mutation: You are dopey. (Int -2) [potion of mutation]
 20108 | Gauntlet | Gained mutation: You sometimes lose the ability to read
                  | scrolls when taking damage. [potion of mutation]
 20109 | Gauntlet | Lost mutation: You sometimes lose the ability to read
                  | scrolls when taking damage. [potion of mutation]
 20109 | Gauntlet | Lost mutation: You have a somewhat thin skeletal structure.
                  | (Dex +2, Stealth+) [potion of mutation]
 20109 | Gauntlet | Gained mutation: Your movements are slightly less
                  | encumbered by armour. (ER -2) [potion of mutation]
 20109 | Gauntlet | Gained mutation: Your body sometimes deteriorates upon
                  | taking damage. [potion of mutation]
 20124 | Gauntlet | Noticed a minotaur
 20159 | Gauntlet | Hit by a javelin thrown by a minotaur

Illustrated notes

Levels and vault maps discovered:
D:1:      dpeg_arrival_three_smaller_balls, layout_loops_ring
D:2:      layout_basic, basic_altar, uniq_terence, uniq_natasha
D:3:      layout_loops_cross, chequers_temple_overflow_statue_of_worship,
          hellmonk_ecumenical_altar_prayer_group, uniq_grinder, uniq_ijyb
D:4:      nicolae_cairo_tiling_large_dashed, layout_basic,
          minmay_temple_entry_enclosed_plants, hangedman_decor_push
D:5:      layout_gridville, fedhas_altar_fruit_tree
D:6:      layout_loops_ring, lemuel_mausoleum_altar_kikubaaqudgha,
          lemuel_doored_altar, hangedman_decor_points, uniq_maggie,
          uniq_blork_the_orc
D:7:      layout_rooms, serial_rivers, chequers_serial_rivers_small_3,
          chequers_serial_rivers_small_a, chequers_serial_rivers_micro_a,
          chequers_serial_rivers_micro_e, chequers_serial_rivers_large_a
D:8:      layout_basic, nicolae_benzene_ring
D:9:      layout_loops_corners, mainiacjoe_overflow_chevrons,
          amcnicky_altar_gilded, nicolae_gozag_cash_rules_everything_around_me,
          mainiacjoe_overflow_alcove_4, uniq_pikel
D:10:     layout_roguey, dpeg_lair_monsters, david_orc_2,
          kennysheep_cross_bottleneck, uniq_erolcha
D:11:     layout_basic, uniq_erica, uniq_psyche, uniq_grum
D:12:     layout_long_grid
Temple:   chequers_temple_sunken
Lair:1:   layout_regular_city, grunt_forest_small_clearing_treed
Lair:2:   cheibrodos_lair_overgrown_chateau, layout_cellular_growth, ice2_lemuel
Lair:3:   layout_regular_city, elwin_shoals_entry_stream, dummy_snake_entry,
          gauntlet_entry_generic, beast_lair_carwin_9, uniq_sonja, uniq_fannar
Gauntlet: minmay_gauntlet_mixed_big_or_small [nicolae_gauntlet_arena_t_cross,
          minmay_gauntlet_arena_77_two_paths, nicolae_gauntlet_arena_blocks,
          minmay_gauntlet_arena_77_broken_ladder,
          gammafunk_gauntlet_arena_crates, minmay_gauntlet_arena_77_path,
          nicolae_gauntlet_exit_dead_adventurers]

Skill      XL: |  1  2  3  4  5  6  7  8  9 10 11 12 13 |
---------------+----------------------------------------+-----
Spellcasting   | 4 5 6 7 10 12 14 16 17 | 17.6
Conjurations   | 5 6 8 10 12 | 12.9
Hexes          | 2 4 6 8 |  8.0
Translocations | 1 3 4 |  4.0
Ice Magic      | 3 6 8 |  8.3
Necromancy     | 1 6 8 |  8.0
Summonings     | 5 6 |  6.4
Dodging        | 3 |  3.5
Stealth        | |  2.4

Action                   |  1- 3 |  4- 6 |  7- 9 | 10-12 | 13-15 || total
-------------------------+-------+-------+-------+-------+-------++-------
Melee: Unarmed           |       |     1 |       |     1 |       ||     2
 Cast: Magic Dart        |    41 |    47 |    46 |    99 |       ||   233
       Searing Ray       |     4 |    33 |    72 |   159 |    11 ||   279
       Iskenderun's Myst |       |     3 |    35 |   176 |    17 ||   231
       Fulminant Prism   |       |     3 |    15 |    26 |       ||    44
       Ozocubu's Armour  |       |       |       |     7 |     1 ||     8
       Metabolic Englaci |       |       |       |     1 |       ||     1
       Summon Mana Viper |       |       |       |     4 |     5 ||     9
       Simulacrum        |       |       |       |     1 |       ||     1
       Ozocubu's Refrige |       |       |       |       |     1 ||     1
       Summon Forest     |       |       |       |       |     1 ||     1
  Use: Scroll            |       |     5 |       |    25 |       ||    30
       Potion            |       |       |       |     1 |     5 ||     6
 Stab: Distracted        |       |       |       |     1 |       ||     1
Armor: Robe              |       |     6 |    14 |     5 |       ||    25
       Troll leather arm |       |       |       |     7 |     4 ||    11
Dodge: Dodged            |     3 |     7 |    43 |   105 |     6 ||   164

Table legend: (Time is in decaauts)
 A = Elapsed time spent in this place.
 B = Non-inter-level travel time spent in this place.
 C = Inter-level travel time spent in this place.
 D = Time resting spent in this place.
 E = Time spent auto-exploring this place.
 F = Levels seen in this place.
 G = Mean time per level.
                   A        B        C        D        E       F      G
               +--------+--------+--------+--------+--------+-----+--------+
         Total |  20200 |  19662 |    538 |   3964 |  12352 |  17 | 1188.2 |
       Dungeon |  15472 |  14988 |    484 |   2650 |  10163 |  12 | 1289.3 |
        Temple |     59 |     35 |     24 |      0 |     10 |   1 |   59.0 |
          Lair |   3979 |   3949 |     30 |    998 |   2173 |   3 | 1326.3 |
      Gauntlet |    688 |    688 |      0 |    316 |      4 |   1 |  688.0 |
               +--------+--------+--------+--------+--------+-----+--------+

Top non-repeatable levels by time:
    D:11: 2599 daAuts
  Lair:2: 2279 daAuts
     D:9: 1676 daAuts
     D:2: 1609 daAuts
  Lair:1: 1521 daAuts
    D:10: 1471 daAuts
     D:6: 1466 daAuts
     D:4: 1383 daAuts
     D:8: 1157 daAuts
     D:1: 1095 daAuts
     D:3: 1047 daAuts
     D:7: 929 daAuts
     D:5: 779 daAuts
Gauntlet: 688 daAuts
    D:12: 255 daAuts
